 Dungeon Crawl Stone Soup version 0.18.1-1-g2f07953 (webtiles) character file.

6341 Romlok the Carver (level 10, -1/74 HPs)
             Began as a Mummy Ice Elementalist on May 7, 2016.
             Was a High Priest of Pakellas.
             Slain by a cyan ugly thing (17 damage)
             ... on level 10 of the Dungeon.
             The game lasted 02:34:43 (12357 turns).

Romlok the Carver (Mummy Ice Elementalist)         Turns: 12357, Time: 02:34:44

Health: -1/74      AC: 10    Str: 16    XL:     10   Next: 64%
Magic:  5/24       EV: 12    Int: 19    God:    Pakellas [*****.]
Gold:   411        SH:  0    Dex: 15    Spells: 1 memorised, 12 levels left

rFire  + . .     SeeInvis .     q - +0 whip (venom)
rCold  + . .     Gourm    .     D - +1 leather armour "Gugoumu" {rF++ MP+9 Int+3 Stlth-}
rNeg   + + +     Faith    .     (no shield)
rPois  ∞         Spirit   .     (no helmet)
rElec  .         Dismiss  .     p - +1 cloak
rCorr  .         Reflect  .     (no gloves)
SustAt +         Harm     .     F - +1 pair of boots {run}
MR     +....                    g - amulet of regeneration
Stlth  +.........               B - +1 ring of protection
                                r - ring of Inaodeh {SustAt Str+3 Int+2}

@: about to teleport, quick, somewhat resistant to hostile enchantments, very
unstealthy
A: no food or potions, fire vulnerability, cold resistance 1, negative energy
resistance 3, torment resistance, unbreathing
a: Quick Charge, Device Surge, Renounce Religion


You were on level 10 of the Dungeon.
You worshipped Pakellas.
Pakellas was extremely pleased with you.
You were not hungry.

You visited 2 branches of the dungeon, and saw 12 of its levels.

You collected 411 gold pieces.

Inventory:

Hand Weapons
 a - the +5 dagger "Fehenniu" {speed, rPois}
   (You found it on level 5 of the Dungeon)

   Attacks with this weapon are significantly faster.
   It protects you from poison.
 b - a +1 blowgun
 n - a +1 spear
 q - a +0 whip of venom (weapon)
 u - a +2 vampiric short sword
 A - a +2 whip of electrocution
 E - a +0 short sword of draining
 G - a +0 scimitar
Missiles
 o - 7 tomahawks
 s - 31 poisoned needles
 t - 5 needles of paralysis
 H - 2 curare-tipped needles
 L - 7 javelins
 M - 52 stones (quivered)
Armour
 p - a +1 cloak (worn)
 D - the +1 leather armour "Gugoumu" (worn) {rF++ MP+9 Int+3 Stlth-}
   (You found it on level 7 of the Dungeon)

   It affects your intelligence (+3).
   It greatly protects you from fire.
   It affects your magic capacity (+9).
   It makes you less stealthy.
 F - a +1 pair of boots of running (worn)
Rods
 N - a +0 lightning rod (9/9)
   (Pakellas gifted it to you on level 10 of the Dungeon)
Jewellery
 g - an amulet of regeneration (around neck)
 r - the ring of Inaodeh (left hand) {SustAt Str+3 Int+2}
   (You found it on level 5 of the Dungeon)

   [ring of sustain attributes]

   It sustains your strength, intelligence and dexterity.
   It affects your strength (+3).
   It affects your intelligence (+2).
 x - an uncursed amulet of faith
 B - a +1 ring of protection (right hand)
 I - an uncursed amulet of dismissal
Wands
 h - a wand of flame (36/48)
 z - a wand of paralysis (18/24)
 C - a wand of lightning (9/15)
 J - a wand of paralysis (8/24)
Scrolls
 d - a scroll of fog
 e - 2 scrolls of magic mapping
 i - a scroll of teleportation
 k - 6 scrolls of identify
 l - a scroll of enchant weapon
 m - 3 scrolls of remove curse
 y - 2 scrolls of enchant armour
 K - a scroll of amnesia
Books
 c - a book of Frost

   Spells                             Type                      Level
   a - Freeze                         Ice                          1
   b - Throw Frost                    Conjuration/Ice              2
   c - Ozocubu's Armour               Charms/Ice                   3
   d - Throw Icicle                   Conjuration/Ice              4
   e - Summon Ice Beast               Ice/Summoning                4
 v - a book of the Tempests

   Spells                             Type                      Level
   a - Static Discharge               Conjuration/Air              3
   b - Lightning Bolt                 Conjuration/Air              5
   c - Fireball                       Conjuration/Fire             5
   d - Tornado                        Air                          9
   e - Shatter                        Earth                        9
 w - a book of Annihilations

   Spells                             Type                      Level
   a - Poison Arrow                   Conjuration/Poison           6
   b - Chain Lightning                Conjuration/Air              8
   c - Lehudib's Crystal Spear        Conjuration/Earth            8
   d - Glaciate                       Conjuration/Ice              9
   e - Fire Storm                     Conjuration/Fire             9
Miscellaneous
 f - a phial of floods
 j - a sack of spiders


   Skills:
 - Level 5.0 Fighting
 * Level 8.6 Long Blades
 - Level 2.3 Throwing
 - Level 5.3 Armour
 - Level 1.5 Dodging
 - Level 1.5 Stealth
 - Level 2.0 Spellcasting
   Level 0.7 Conjurations
 - Level 2.4 Ice Magic
 - Level 7.3 Evocations


You had 12 spell levels left.
You knew the following spells:

 Your Spells              Type           Power        Failure   Level  Hunger
a - Freeze                Ice            ##..         10%         1    N/A

Dungeon Overview and Level Annotations

Branches:
Dungeon (11/15)            Temple (1/1) D:4
   Lair: D:8-11         Orc: D:9-12

Altars:
Ashenzari
Dithmenos
Elyvilon
Fedhas
Gozag
Kikubaaqudgha
Makhleb
Nemelex Xobeh
Okawaru
Pakellas
Qazlal
Ru
Sif Muna
Trog
Vehumet
Xom
Yredelemnul
Zin
The Shining One

Shops:
D:10 [

Annotations:
D:3 Ijyb; Natasha; redfeek's ghost, weakling DsNe


Innate Abilities, Weirdness & Mutations

You do not eat or drink.
Your flesh is vulnerable to fire.
You are immune to poison.
Your flesh is cold resistant.
You are immune to negative energy.
You are immune to unholy pain and torment.
You can survive without breathing.


Message History

The tomahawk hits the giant frog zombie!
The cyan ugly thing gores you! The cyan ugly thing shocks you!
You hit the cyan ugly thing but do no damage.
The cyan ugly thing is poisoned.
The cyan ugly thing gores you! The cyan ugly thing shocks you!
Read which item? (? for menu, Esc to quit)
Okay, then.
Unknown command.
There is a stone staircase leading up here.
The cyan ugly thing gores you. The cyan ugly thing shocks you!
* * * LOW HITPOINT WARNING * * *
You climb upwards.
There is a stone staircase leading down here.
Read which item? (? for menu, Esc to quit)
As you read the scroll of teleportation, it crumbles to dust.
You feel strangely unstable. The cyan ugly thing gores you.
* * * LOW HITPOINT WARNING * * *
The cyan ugly thing shocks you!
You die...
Pakellas says: Time to find a new assistant...

#.#....#.......#...#...#........#
#.######.......#...#...#........#
#..............#...#...##########
#..............#####...........†.
#................................
#...######..................#####
....#....#..................#
##..#....'.#'#########......#
.#..#....#.'....@....#......#
.#..#....#.#...u.....#...!..#
.#..#....#.#.........#......#
##..#....#.###########......#####
....######.......................
.........>.......................
...............#######....###....
............#### #....# #....
#######.....# #....# #..).


You could see a cyan ugly thing.

Vanquished Creatures
  A hill giant (D:10)
  A troll (D:11)
  A yak (D:7)
  A wyvern (D:8)
  A hippogriff (D:10)
  A human (D:7)
  2 water moccasins
  2 orc warriors
  2 ice beasts
  7 sky beasts
  A wasp (D:10)
  A necrophage (D:9)
  An eye of draining (D:11)
  2 phantoms
  2 ogres
  5 centaurs
  3 big kobolds
  A wyvern zombie (D:10)
  3 giant frogs (D:9)
  4 scorpions
  8 killer bees
  12 howler monkeys
  A centaur zombie (D:8)
  A crimson imp (D:8)
  5 orc priests
  2 giant frog zombies
  3 giant frog skeletons
  2 hounds
  A jelly (D:8)
  A gnoll shaman (D:7)
  9 orc wizards
  An iguana (D:11)
  8 worker ants
  A killer bee zombie (D:7)
  3 sheep (D:7)
  A hound zombie (D:9)
  2 worker ant zombies
  5 gnolls
  7 adders
  A shadow imp (D:11)
  An ooze (D:2)
  An adder skeleton (D:6)
  An adder zombie (D:6)
  A worm (D:4)
  4 dart slugs
  5 giant geckos
  37 orcs
  4 ball pythons
  7 bats
  3 giant cockroaches
  6 goblins
  3 hobgoblins
  2 jackals (D:1)
  21 kobolds
  4 quokkas
  6 giant newts
  A jackal zombie (D:5)
  A quokka skeleton (D:4)
  8 rats
232 creatures vanquished.

Vanquished Creatures (others)
  An iguana (D:5)
1 creature vanquished.

Grand Total: 233 creatures vanquished

Notes
Turn   | Place    | Note
--------------------------------------------------------------
     0 | D:1      | Romlok the Mummy Ice Elementalist began the quest for the Orb.
     0 | D:1      | Reached XP level 1. HP: 13/13 MP: 3/3
   396 | D:1      | Reached skill level 1 in Throwing
   572 | D:1      | Reached XP level 2. HP: 18/20 MP: 0/5
  1280 | D:1      | Reached skill level 1 in Fighting
  1523 | D:2      | Reached XP level 3. HP: 12/26 MP: 0/6
  2408 | D:2      | Found a faded altar to an unknown god.
  2412 | D:2      | Became a worshipper of Pakellas the Inventive
  2412 | D:2      | Reached * piety under Pakellas
  2412 | D:2      | Received a gift from Pakellas
  2740 | D:3      | Noticed redfeek's ghost (weakling DsNe)
  2744 | D:2      | Reached XP level 4. HP: 32/33 MP: 5/7
  3020 | D:3      | Noticed Ijyb
  3235 | D:3      | Noticed Natasha
  3363 | D:4      | Reached skill level 1 in Evocations
  3417 | D:4      | Reached ** piety under Pakellas
  3417 | D:4      | Received a gift from Pakellas
  3478 | D:4      | Reached XP level 5. HP: 23/39 MP: 5/8
  3685 | D:4      | Found a glowing silver altar of Zin.
  3854 | D:4      | Found a staircase to the Ecumenical Temple.
  3863 | Temple   | Entered the Ecumenical Temple
  4500 | D:4      | Reached XP level 6. HP: 46/47 MP: 5/9
  4786 | D:4      | Found an iron altar of Okawaru.
  4841 | D:5      | Entered Level 5 of the Dungeon
  4855 | D:5      | Found a basalt altar of Yredelemnul.
  4864 | D:5      | Got a scorched steel ring
  4865 | D:5      | Identified the ring of Inaodeh {SustAt Str+3 Int+2} (You found it on level 5 of the Dungeon)
  5023 | D:5      | Found an oddly glowing altar of Pakellas.
  5023 | D:5      | Noticed an orange crystal statue
  5087 | D:5      | Got a bone dagger
  5121 | D:5      | Identified the +5 dagger "Fehenniu" {speed, rPois} (You found it on level 5 of the Dungeon)
  5819 | D:5      | Reached XP level 7. HP: 45/54 MP: 8/10
  6298 | D:6      | Found a sparkling altar of Nemelex Xobeh.
  6298 | D:6      | Found an opulent altar of Gozag.
  6670 | D:6      | Found a glowing golden altar of the Shining One.
  6732 | D:6      | Reached skill level 5 in Evocations
  7071 | D:6      | Reached skill level 5 in Fighting
  7427 | D:6      | Reached XP level 8. HP: 62/62 MP: 7/12
  7812 | D:7      | Reached *** piety under Pakellas
  7812 | D:7      | Received a gift from Pakellas
  8029 | D:7      | Got a pitted leather armour
  8030 | D:7      | Identified the +1 leather armour "Gugoumu" {rF++ MP+9 Int+3 Stlth-} (You found it on level 7 of the Dungeon)
  8169 | D:7      | Reached skill level 1 in Armour
  8518 | D:7      | Reached XP level 9. HP: 37/68 MP: 14/14
  9062 | D:8      | Reached **** piety under Pakellas
  9062 | D:8      | Received a gift from Pakellas
  9203 | D:8      | Reached skill level 5 in Armour
  9399 | D:8      | Reached skill level 1 in Long Blades
  9428 | D:8      | Reached skill level 2 in Long Blades
  9535 | D:8      | Reached skill level 3 in Long Blades
  9693 | D:8      | Found a shimmering altar of Xom.
  9693 | D:8      | Found a shimmering altar of Xom.
  9694 | D:8      | Found a shimmering altar of Xom.
  9695 | D:8      | Found a shimmering altar of Xom.
  9695 | D:8      | Found a shimmering altar of Xom.
  9697 | D:8      | Found a shimmering altar of Xom.
  9697 | D:8      | Found a shimmering altar of Xom.
  9710 | D:8      | Identified a +1 pair of boots of running (You found it on level 8 of the Dungeon)
 10149 | D:9      | Reached skill level 4 in Long Blades
 10399 | D:9      | Reached skill level 5 in Long Blades
 10576 | D:9      | Reached XP level 10. HP: 73/74 MP: 10/15
 10955 | D:9      | Reached skill level 6 in Long Blades
 11028 | D:10     | Entered Level 10 of the Dungeon
 11332 | D:10     | Found Nuekhleoj's Armour Emporium.
 11638 | D:10     | Noticed a hill giant
 11659 | D:10     | Killed a hill giant
 11659 | D:10     | Reached skill level 7 in Long Blades
 11769 | D:10     | Reached ***** piety under Pakellas
 11769 | D:10     | Received a gift from Pakellas
 12051 | D:11     | Reached skill level 8 in Long Blades
 12111 | D:11     | Noticed a hill giant
 12121 | D:11     | Noticed a cyan ugly thing
 12357 | D:10     | Slain by a cyan ugly thing

Skill      XL: |  1  2  3  4  5  6  7  8  9 10 |
---------------+-------------------------------+-----
Throwing       | 1 2 |  2.3
Fighting       | 1 2 3 4 5 |  5.0
Evocations     | 1 2 4 5 7 |  7.3
Armour         | 3 5 |  5.3
Long Blades    | 5 8 |  8.6
Dodging        | |  1.5
Stealth        | |  1.5
Spellcasting   | |  2.0
Conjurations   | |  0.7
Ice Magic      | |  2.4

Action                   |  1- 3 |  4- 6 |  7- 9 | 10-12 || total
-------------------------+-------+-------+-------+-------++-------
Melee: Unarmed           |    17 |       |       |       ||    17
       Club              |     7 |       |       |       ||     7
       Spear             |    25 |    56 |       |       ||    81
       Whip              |       |    58 |    94 |    33 ||   185
       Short sword       |       |    44 |     8 |    15 ||    67
       Dagger            |       |    30 |   496 |   282 ||   808
 Fire: Hunting sling     |    33 |    60 |       |       ||    93
       Blowgun           |       |       |    28 |     4 ||    32
Throw: Stone             |    35 |    41 |    49 |    12 ||   137
       Tomahawk          |       |       |    33 |     3 ||    36
 Cast: Freeze            |    43 |     5 |       |       ||    48
Invok: Quick Charge      |       |     4 |     6 |     2 ||    12
Evoke: Wand              |       |    10 |    11 |     7 ||    28
  Use: Scroll            |     2 |     8 |     5 |     3 ||    18
 Stab: Sleeping          |     1 |     1 |     2 |       ||     4
       Distracted        |       |     1 |     1 |       ||     2
       Paralysed         |       |       |    10 |     7 ||    17
Armor: Robe              |    16 |    44 |    34 |       ||    94
       Leather armour    |       |       |    86 |    85 ||   171
Dodge: Dodged            |    48 |   123 |   200 |   129 ||   500
